 Dungeon Crawl Stone Soup version 0.22-a0-580-gd5db89c (webtiles) character file.

446 opiumtea the Stinger (level 7, 0/64 HPs)
             Began as a Naga Transmuter on July 2, 2018.
             Killed from afar by an orc wizard (7 damage)
             ... with a puff of flame
             ... on level 4 of the Dungeon.
             The game lasted 00:30:01 (5369 turns).

opiumtea the Stinger (Naga Transmuter)              Turns: 5369, Time: 00:30:03

Health: 0/64       AC:  6    Str: 12    XL:     7   Next: 3%
Magic:  6/11       EV: 13    Int: 14    God:
Gold:   247        SH:  0    Dex: 13    Spells: 6/12 levels left

rFire    . . .     SeeInvis +   g - +2 spear (venom)
rCold    . . .     Gourm    .   (no shield)
rNeg     . . .     Faith    +   b - +0 robe
rPois    +         Spirit   .   (no helmet)
rElec    .         Reflect  .   (no cloak)
rCorr    .         Harm     .   f - +2 pair of gloves
MR       .....                  (no barding)
Stlth    +.........             v - amulet of faith
HPRegen  0.20/turn              o - +3 ring of evasion
MPRegen  0.12/turn              (no ring)

@: very slightly contaminated, invisible, very slow
A: large, see invisible, deformed body, poison resistance, slowness 2, slow
metabolism 1, spit poison 1, AC +2
a: Spit Poison


You were on level 4 of the Dungeon.
You were not hungry.

You visited 1 branch of the dungeon, and saw 4 of its levels.

You collected 247 gold pieces.

Inventory:

Hand Weapons
 e - a +0 club
 g - a +2 spear of venom (weapon)
 j - a +2 hand axe of venom
Missiles
 a - 34 arrows
 h - 54 stones (quivered)
Armour
 b - a +0 robe (worn)
 c - a +2 helmet
 f - a +2 pair of gloves (worn)
 w - a +0 leather armour
Jewellery
 o - a +3 ring of evasion (left hand)
 v - an amulet of faith (around neck)
Wands
 p - a wand of disintegration (12)
Scrolls
 i - 2 scrolls of magic mapping
 k - 4 scrolls of remove curse
 m - a scroll of blinking
 u - a scroll of teleportation
Potions
 l - a potion of magic
 q - a potion of heal wounds {unknown}
 r - a potion of degeneration {unknown}
 s - a potion of cancellation {unknown}
Comestibles
 d - 6 rations


   Skills:
 - Level 4.0 Fighting
 - Level 1.5 Dodging
 - Level 3.0 Unarmed Combat
 + Level 3.0 Spellcasting
 - Level 2.0 Transmutations
 - Level 6.6 Poison Magic


You had 6 spell levels left.
You knew the following spells:

 Your Spells              Type           Power        Failure   Level  Hunger
a - Beastly Appendage     Tmut           #.....       10%         1    #......
b - Sticks to Snakes      Tmut           #.......     14%         2    ##.....
c - Spider Form           Tmut/Pois      ##........   11%         3    ###....

Your spell library contained the following spells:

 Spells                   Type           Power        Failure   Level  Hunger
 Blade Hands              Tmut           #.........   95%         5    ######.
 Ice Form                 Ice/Tmut       #.......     80%         4    #####..


Dungeon Overview and Level Annotations

Branches:
Dungeon (4/15)             Temple (0/1) D:4

Altars:
Gozag
Uskayaw
Vehumet
Wu Jian


Innate Abilities, Weirdness & Mutations

You cannot wear boots.
Your serpentine skin is tough. (AC +2)
You have supernaturally acute eyesight. (SInv)
Armour fits poorly on your strangely shaped body.
Your system is resistant to poisons. (rPois)
You cover ground very slowly.
You have a slow metabolism.
You can spit poison.


Message History

The orc wizard seems to speed up.
The orc hits you with a dagger.
* * * LOW HITPOINT WARNING * * *
You fade into invisibility!
The orc hits you with a dagger.
* * * LOW HITPOINT WARNING * * *
The orc wizard completely misses you. The orc misses you.
The orc wizard misses you.
The orc wizard gestures at something while chanting.
The puff of flame hits you!
* * * LOW HITPOINT WARNING * * *
The orc priest calls upon Beogh to heal the orc.
The orc's wounds heal themselves!
Found 18 sling bullets.
A jackal skeleton comes into view.
The orc wizard casts a spell at something.
The magic dart hits you!
* * * LOW HITPOINT WARNING * * *
The orc wizard gestures at something while chanting.
The puff of flame hits you!
You die...

# ### ### # #.. ...
#####.# #.# ...##.# #.#
...##.# #.# ##.##.# #.#
.#
##.##o###.#########...#
#.#..oo....ooo..@.(Z..#
##.##.###.#########...#
#.#o.###.## .#
#.#.###...#########..#
#.#o###..............#
##oo#.............#
o..###.......####.#
#.#.#........# #.#
............## #.#


You could see an orc priest, an orc wizard, an orc and a jackal skeleton
(dormant).

Vanquished Creatures
  Grinder (D:3)
  A centaur skeleton (D:4)
  Ijyb (D:3)
  3 orc wizards
  Robin (D:3)
  3 adders
  An ooze (D:1)
  2 worms
  3 dart slugs (D:1)
  A leopard gecko (D:4)
  2 orcs (D:3)
  8 bats
  2 giant cockroaches
  7 goblins
  9 hobgoblins
  14 jackals
  4 kobolds
  2 quokkas (D:2)
  2 frilled lizards (D:3)
  A quokka skeleton (D:4)
  7 rats
75 creatures vanquished.

Vanquished Creatures (collateral kills)
  An orc (D:4)
  4 goblins (D:3)
  2 hobgoblins
  A rat (D:3)
8 creatures vanquished.

Grand Total: 83 creatures vanquished

Notes
Turn   | Place    | Note
-------+----------+-------------------------------------------
     0 | D:1      | opiumtea the Naga Transmuter began the quest for the Orb.
     0 | D:1      | Reached XP level 1. HP: 18/18 MP: 3/3
   336 | D:1      | Reached XP level 2. HP: 13/26 MP: 3/5
   340 | D:1      | Learned a level 2 spell: Sticks to Snakes
  1291 | D:1      | Reached XP level 3. HP: 31/33 MP: 6/6
  1297 | D:1      | Learned a level 3 spell: Spider Form
  2004 | D:2      | Reached skill level 1 in Poison Magic
  2680 | D:2      | Found a radiant altar of Vehumet.
  2842 | D:2      | Reached XP level 4. HP: 42/42 MP: 7/7
  2992 | D:2      | Reached skill level 2 in Poison Magic
  3078 | D:2      | Found a hide-covered altar of Uskayaw.
  3189 | D:2      | Found an ornate altar of the Wu Jian Council.
  3504 | D:3      | Noticed Robin
  3536 | D:3      | HP: 1/44 [Robin/spear of venom (4)]
  3836 | D:3      | Killed Robin
  3836 | D:3      | Reached skill level 3 in Poison Magic
  3836 | D:3      | Reached XP level 5. HP: 43/50 MP: 2/8
  4046 | D:3      | Noticed Grinder
  4363 | D:3      | Paralysed by Grinder for 5 turns
  4380 | D:3      | Killed Grinder
  4380 | D:3      | Reached skill level 6 in Poison Magic
  4380 | D:3      | Reached XP level 6. HP: 19/57 MP: 7/9
  4753 | D:3      | Found an opulent altar of Gozag.
  4801 | D:3      | Noticed Ijyb
  4814 | D:3      | Killed Ijyb
  5341 | D:4      | Reached XP level 7. HP: 19/64 MP: 3/11
  5350 | D:4      | Found a staircase to the Ecumenical Temple.
  5369 | D:4      | Killed from afar by an orc wizard

Vault maps used:
D:1:      arrival_zaba_pyramid
D:2:      marbit_many_paths, vehumet_crystals, nicolae_overflow_hidden_temple
D:3:      nicolae_gozag_cash_rules_everything_around_me, uniq_robin, uniq_ijyb,
          uniq_grinder
D:4:      nemelex_xobeh_ov_fountains_minmay, led_sif_pool,
          minmay_temple_entry_glass, kennysheep_generic_room_6, uniq_edmund

Skill      XL: |  1  2  3  4  5  6 |
---------------+-------------------+-----
Fighting       | 2 3 4 |  4.0
Poison Magic   | 1 3 6 |  6.6
Spellcasting   | 3 |  3.0
Dodging        | |  1.5
Unarmed Combat | |  3.0
Transmutations | |  2.0

Action                   |  1- 3 |  4- 6 |  7- 9 || total
-------------------------+-------+-------+-------++-------
Melee: Unarmed           |    17 |    26 |       ||    43
       Headbutt          |    17 |     5 |       ||    22
       Club              |   109 |       |       ||   109
       Punch             |     2 |       |       ||     2
       Hand axe          |     7 |    34 |       ||    41
       Spear             |       |    48 |       ||    48
 Cast: Beastly Appendage |    26 |     8 |       ||    34
       Sticks to Snakes  |       |     6 |     1 ||     7
       Spider Form       |       |     5 |       ||     5
 Abil: Spit Poison       |    21 |    10 |       ||    31
  Use: Scroll            |     2 |     4 |       ||     6
       Potion            |       |     4 |     1 ||     5
  Eat: Chunk             |     6 |     6 |       ||    12
       Ration            |       |     1 |       ||     1
Armor: Robe              |    51 |    15 |     2 ||    68
       Skin              |       |     1 |       ||     1
Dodge: Dodged            |   105 |    88 |     4 ||   197

Table legend:
 A = Spawn XP
 B = Non-spawn XP
 C = Spawn XP percentage of total XP
 D = Spawn monster count
 E = Non-spawn monster count
 F = Spawn count percentage of total count
 G = Total turns spent on level
                    A         B        C        D         E        F      G
               +---------+---------+-------+---------+---------+-------+---------
         Total |       0 |     638 |   0.0 |       0 |      83 |   0.0 |  5369
               +---------+---------+-------+---------+---------+-------+---------
           D:1 |       0 |      50 |   0.0 |       0 |      24 |   0.0 |  2090
           D:2 |       0 |      55 |   0.0 |       0 |      24 |   0.0 |  1717
           D:3 |       0 |     403 |   0.0 |       0 |      28 |   0.0 |  1279
           D:4 |       0 |     130 |   0.0 |       0 |       7 |   0.0 |   283
               +---------+---------+-------+---------+---------+-------+---------
